 Dungeon Crawl Stone Soup version 0.20-a0-809-gaf7f668 (webtiles) character file.

19 Gorglomux the Sneak (level 2, -2/19 HPs)
             Began as a Vampire Enchanter on Mar 2, 2017.
             Slain by a kobold
             ... wielding a +2 short sword of venom
              (3 damage)
             ... on level 1 of the Dungeon.
             The game lasted 00:01:17 (652 turns).

Gorglomux the Sneak (Vampire Enchanter)              Turns: 652, Time: 00:01:18

Health: -2/19      AC:  2    Str: 10    XL:     2   Next: 55%
Magic:  2/5        EV: 12    Int: 17    God:
Gold:   55         SH:  0    Dex: 14    Spells: 2/5 levels left

rFire    . . .     SeeInvis +   a - +1 dagger
rCold    . . .     Gourm    .   b - +0 robe
rNeg     + . .     Faith    .   (no shield)
rPois    .         Spirit   .   (no helmet)
rElec    .         Reflect  .   (no cloak)
rCorr    .         Harm     .   (no gloves)
MR       .....                  (no boots)
Stlth    +++.......             (no amulet)
Regen    0.1/turn               (no ring)
MPRegen  0.1/turn               f - +3 ring of strength

@: lethally poisoned (-2 -> -22)
A: fangs 3, see invisible, unbreathing
a: no special abilities


You were on level 1 of the Dungeon.
You were not thirsty.

You visited 1 branch of the dungeon, and saw 1 of its levels.

You collected 55 gold pieces.

Inventory:

Hand Weapons
 a - a +1 dagger (weapon)
Armour
 b - a +0 robe (worn)
Jewellery
 f - a +3 ring of strength (left hand)
Scrolls
 e - 2 scrolls of identify {unknown}
 g - a scroll of recharging {unknown}
 h - 2 scrolls of teleportation {unknown}
Potions
 d - 3 potions of blood
Books
 c - a book of Maledictions

   Spells                             Type                      Level
   a - Corona                         Hexes                        1
   b - Ensorcelled Hibernation        Hexes/Ice                    2
   c - Confuse                        Hexes                        3
   d - Tukima's Dance                 Hexes                        3
   e - Dazzling Spray                 Conjuration/Hexes            3


   Skills:
 + Level 2.0 Short Blades
 - Level 2.1 Dodging
 + Level 5.3 Stealth
 - Level 2.0 Spellcasting
 - Level 4.4 Hexes


You had 2 spell levels left.
You knew the following spells:

 Your Spells              Type           Power        Failure   Level  Hunger
a - Corona                Hex            ###....      3%          1    #......
z - Ensorcelled Hibernat  Hex/Ice        #.....       14%         2    ###....


Dungeon Overview and Level Annotations

Branches:
Dungeon (1/15)

Altars:


Innate Abilities, Weirdness & Mutations

You have razor-sharp teeth.
You have supernaturally acute eyesight. (SInv)
You can survive without breathing.


Message History

You barely miss the kobold.
* * * LOW HITPOINT WARNING * * *
You feel sick.
You closely miss the kobold.
The kobold hits you with a short sword of venom.
* * * LOW HITPOINT WARNING * * *
You are more poisoned.
You closely miss the kobold.
* * * LOW HITPOINT WARNING * * *
You feel sick. The kobold hits you but does no damage.
You are more poisoned.
You hit the kobold but do no damage.
* * * LOW HITPOINT WARNING * * *
You feel sick. The kobold closely misses you.
You hit the kobold.
The kobold is heavily wounded.
* * * LOW HITPOINT WARNING * * *
You feel sick.
The kobold hits you with a short sword of venom.
You die...

......#....# #.........# .
#.......#######.##......###
.# ......###
##.....####.....# .......#
##.......###.....#
.....#.###.........###.##.#
.....#..##.........#
#.##.#######
.....##..#.........#
#.##........
.....###...........#
#..#....##.. .....#
###......@..# ##..........
.....# #....).K..#
##....###.. .#####
#....(....# ##...# ### .##
#.........# #...# ..#
#...(.....# #...# ..#
#....(....# #...# ..#
##.......## ##### ..#
##.....## ..# #######


You could see a kobold.

Vanquished Creatures
  An ooze (D:1)
  2 dart slugs (D:1)
  A goblin (D:1)
  A hobgoblin (D:1)
  2 bats (D:1)
  A frilled lizard (D:1)
  4 kobolds (D:1)
  A rat (D:1)
13 creatures vanquished.

Notes
Turn   | Place    | Note
-------+----------+-------------------------------------------
     0 | D:1      | Gorglomux the Vampire Enchanter began the quest for the Orb.
     0 | D:1      | Reached XP level 1. HP: 13/13 MP: 3/3
    98 | D:1      | Reached XP level 2. HP: 18/19 MP: 5/5
   109 | D:1      | Reached skill level 5 in Stealth
   408 | D:1      | Learned a level 2 spell: Ensorcelled Hibernation
   652 | D:1      | Slain by a kobold

Vault maps used:
D:1:      lemuel_arrival_tunnels, due_unseen_surprise

Skill      XL: |  1  2 |
---------------+-------+-----
Stealth        | 5 |  5.3
Short Blades   | 2 |  2.0
Dodging        | |  2.1
Spellcasting   | |  2.0
Hexes          | |  4.4

Action                   || total
-------------------------++-------
Melee: Dagger            ||    59
       Bite              ||     8
 Cast: Ensorcelled Hiber ||     4
       Corona            ||     2
  Use: Potion            ||     1
 Stab: Sleeping          ||     5
Armor: Robe              ||     3
Dodge: Dodged            ||    31
